 Dungeon Crawl Stone Soup version 0.18-a0-847-gf95877c (console) character file.

1733251 comborobin the Slayer (level 27, 184/184 HPs)
             Began as a Vine Stalker Conjurer on Dec 20, 2015.
             Was the Champion of Okawaru.
             Escaped with the Orb
             ... and 3 runes!
             The game lasted 03:32:26 (71191 turns).

comborobin the Slayer (Vine Stalker Conjurer)      Turns: 71191, Time: 03:32:26

Health: 184/184    AC: 43    Str: 30      XL:     27
Magic:  32/32      EV: 27    Int:  8 (9)  God:    Okawaru [******]
Gold:   5327       SH:  0    Dex: 25      Spells: 6 memorised, 11 levels left

rFire  + . .     SeeInvis +       - Unarmed
rCold  + . .     Gourm    .     T - +11 chain mail of Oqeitual {+Blink Slay+3}
rNeg   + . .     Faith    .     (no shield)
rPois  +         Spirit   +     l - +2 helmet
rElec  +         Dismiss  .     Y - +2 cloak {rF+}
rCorr  .         Reflect  .     j - +1 pair of gloves of Kunejon {MR++ Dex+2}
SustAt .         Harm     .     u - +2 pair of boots {run}
MR     ++++.                    n - amulet of Vitality {Regen+ HP+15, !*}
Stlth  ..........               c - ring "Zikuk" {rPois rC+ rN+ MR- Str+6}
                                R - ring "Puixixuf" {rElec Str+2 Slay+2 SInv, =R}

@: drained, quick, incredibly resistant to hostile enchantments, extremely
unstealthy
A: fangs 3, icy blue scales 1, deterioration 1, dopey 1, high mp 1, regeneration
3, strong 1, magic shield, antimagic bite, no device heal 3, rot immunity
a: Heroism, Finesse, Renounce Religion, Evoke Blink
0: Orb of Zot
}: 3/15 runes: barnacled, silver, gossamer


You escaped.
You worshipped Okawaru.
Okawaru was exalted by your worship.
You were not hungry.

You visited 12 branches of the dungeon, and saw 56 of its levels.
You also visited: Labyrinth, Trove, Ice Cave, Volcano and Wizlab.

You collected 12187 gold pieces.
You spent 6683 gold pieces at shops.

Inventory:

Armour
 d - the +5 crystal plate armour of Botroirgh {rElec rC+ MP-9}
   (Okawaru gifted it to you on level 2 of the Depths)

   It protects you from cold.
   It insulates you from electricity.
   It affects your magic capacity (-9).
 j - the +1 pair of gloves of Kunejon (worn) {MR++ Dex+2}
   (You found it in a treasure trove)

   It affects your dexterity (+2).
   It affects your resistance to hostile enchantments.
 l - a +2 helmet (worn)
 u - a +2 pair of boots of running (worn)
 T - the +11 chain mail of Oqeitual (worn) {+Blink Slay+3}
   (You found it on level 4 of the Depths)

   It affects your accuracy and damage with ranged weapons and melee attacks
   (+3).
   It lets you blink.
 Y - a +2 cloak of fire resistance (worn)
Jewellery
 c - the ring "Zikuk" (right hand) {rPois rC+ rN+ MR- Str+6}
   (You took it off a yaktaur captain on level 5 of the Vaults)

   [ring of positive energy]

   It affects your strength (+6).
   It protects you from cold.
   It protects you from poison.
   It protects you from negative energy.
   It affects your resistance to hostile enchantments.
 g - an uncursed ring of invisibility
 n - the amulet of Vitality (around neck) {Regen+ HP+15, !*}
   (You found it on level 5 of the Dungeon)

   [amulet of regeneration]

   It affects your health (+15).
   It increases your rate of regeneration.
 p - a +5 ring of protection
 K - an uncursed ring of protection from fire
 R - the ring "Puixixuf" (left hand) {rElec Str+2 Slay+2 SInv, =R}
   (You took it off a deep elf annihilator on level 3 of the Elven Halls)

   [ring of see invisible]

   It affects your strength (+2).
   It affects your accuracy and damage with ranged weapons and melee attacks
   (+2).
   It insulates you from electricity.
   It lets you see invisible.
Wands
 f - a wand of digging (2/24)
 v - a wand of invisibility (5/9)
 z - a wand of teleportation (5/9)
 C - a wand of disintegration (6/24)
 J - a wand of hasting (3/9)
Scrolls
 q - 5 scrolls of enchant armour
 r - 5 scrolls of identify
 s - 6 scrolls of fog
 x - 2 scrolls of recharging
 D - 11 scrolls of remove curse
 M - a scroll of summoning
 N - 5 scrolls of blinking
 O - a scroll of fear
 Q - 10 scrolls of teleportation
 U - 2 scrolls of magic mapping
 V - 6 scrolls of immolation
Potions
 h - 8 potions of cancellation
 i - 17 potions of curing
 m - 2 potions of resistance
 t - 6 potions of haste
 w - 7 potions of lignification
 A - 6 potions of brilliance
 G - 2 potions of cure mutation
 H - 3 potions of agility
 L - 9 potions of might
 P - 4 potions of invisibility
 S - 3 potions of flight
 W - 4 potions of magic
Miscellaneous
 a - an ornate deck of wonders {the Alchemist, drawn: 2}
 b - a legendary deck of defence {Fortitude, drawn: 1}
 k - a fan of gales
 y - an ornate deck of summoning {the Rangers, drawn: 1}
 B - a legendary deck of defence {the Elixir}
 E - a phial of floods
 F - a lamp of fire
 I - a legendary deck of summoning {the Pentagram, drawn: 1}
 X - an ornate deck of defence {the Potion, drawn: 1}
Comestibles
 e - 17 bread rations


   Skills:
 + Level 25.1(25.0) Fighting
 - Level 22.4(22.3) Armour
 - Level 18.9(18.8) Dodging
 - Level 2.4(2.3) Stealth
 - Level 22.0(21.9) Unarmed Combat
 - Level 2.1 Spellcasting
   Level 4.0(3.9) Conjurations
 - Level 4.2(4.1) Translocations
 - Level 8.0(7.9) Invocations
 - Level 6.2(6.1) Evocations


You had 11 spell levels left.
You knew the following spells:

 Your Spells              Type           Power        Failure   Level  Hunger
d - Dragon Form           Trmt           #.........   100%        7    #######
p - Portal Projectile     Tloc           #.....       52%         3    ####...
r - Repel Missiles        Chrm/Air       #.....       95%         2    ###....
A - Apportation           Tloc           #.........   17%         1    ##.....
B - Blink                 Tloc           N/A          24%         2    ###....
P - Passage of Golubria   Tloc           N/A          98%         4    #####..


Dungeon Overview and Level Annotations

Branches:
Dungeon (15/15)            Temple (1/1) D:5            Lair (8/8) D:10
 Shoals (4/4) Lair:3       Spider (4/4) Lair:4        Slime (0/6) Lair:6
    Orc (2/2) D:9             Elf (3/3) Orc:2        Vaults (5/5) D:14
  Crypt (3/3) Vaults:2       Tomb (1/3) Crypt:3      Depths (5/5) D:15
    Zot (5/5) Depths:5

Altars:
Ashenzari
Cheibriados
Dithmenos
Elyvilon
Fedhas
Gozag
Kikubaaqudgha
Nemelex Xobeh
Okawaru
Pakellas
Sif Muna
Vehumet
Yredelemnul
Zin
The Shining One
Beogh
Jiyva
Lugonu

Shops:
D:8 (*%%}   D:9 *   D:11 %   D:13 **   Orc:2 *([=   Elf:1 *   Elf:2 =
Vaults:3 =((*   Vaults:4 }   Depths:1 !   Depths:4 ([(   Depths:5 [

Portals:
Hell: Depths:1 Depths:2 Depths:3 Depths:4 Depths:5
Abyss: Depths:1 Depths:2 Depths:4
Pandemonium: Depths:3 Depths:4
Ziggurat: Depths:5

Annotations:
Lair:1 6 exclusions
Spider:3 exclusion: door
Elf:2 2 runed doors


Innate Abilities, Weirdness & Mutations

You have razor-sharp teeth.
You regenerate.
When hurt, damage is shared between your health and your magic reserves.
Your bite disrupts and absorbs the magic of your enemies.
Potions and wands cannot restore your health.
You are immune to rotting.
You are partially covered in icy blue scales (AC +1).
Your body sometimes deteriorates upon taking damage.
You are dopey. (Int -2)
You have an increased reservoir of magic (+10% MP).
Your muscles are strong. (Str +2)


Message History

(V) Vaults (C) Crypt (W) Tomb (U) Depths (H) Hell (Z) Zot
Where to? (* - list waypoints, Enter - D:1, ? - help)
There is a stone staircase leading up here.
You climb upwards.
There is a stone staircase leading down here.
Evoke which item? (* to show all) (? for menu, Esc to quit)
Zapping:
f - a wand of digging (3/24)
Press: ? - help, Shift-Dir - straight line The rock shatters into small pieces.
This wand has 2 charges left.
There is an open door here.
There is an open door here.
A bat comes into view.
The bat misses you. The bat completely misses you.
You punch the bat!
You kill the bat!
There is an open door here.
You see here a bat corpse.
There is a staircase leading out of the dungeon here.
You have escaped!

#.# ####.#### #......
#.# #.# ####### #.#
#.# #.# ##.## ###.#
#...# #...# #.>.#
#.####################
####.#
#.....#...≈≈≈≈...#
#....#
#..f..#..........###
### #.####
#.....#..........#8.
..# #.#
#†#####..........'..
#.# #.#
#.#♣♣.'..........'..
#.#####.#
#.#♣.♣#..........'..
#.....#.#
#.#♣.♣#..........#8.
#####.#.#
#.'.♣♣#...§§.....###
#.#.# #♣#♣♣
#...§§≈≈...# ###.#.#
#####.########


There were no monsters in sight!

Vanquished Creatures
  7 ancient liches
  5 orbs of fire (Zot:5)
  A juggernaut (Depths:5)
  Sojobo (Vaults:1)
  An iron giant (Depths:2)
  2 Killer Klowns (Zot:5)
  15 golden dragons
  Xtahua (Vaults:4)
  Nikola (Depths:1)
  3 bone dragons
  Arachne (Spider:2)
  2 electric golems
  A Hellbinder (WizLab)
  18 tentacled monstrosities
  Jorgrun (Crypt:3)
  Rupert (Orc:2)
  25 Orb Guardians
  2 quicksilver dragons
  2 deep elf blademasters (Elf:3)
  4 titans
  2 deep elf master archers (Elf:3)
  8 liches
  3 Shadow Fiends
  7 ancient champions
  4 krakens
  7 death cobs
  Frances (Shoals:1)
  3 sphinxes
  Kirke (Shoals:1)
  8 shadow dragons
  14 fire giants
  9 storm dragons
  Ilsuiw (Shoals:4)
  4 draconian monks
  2 revenants (Crypt:1)
  7 tengu reavers
  6 deep elf sorcerers
  16 frost giants
  Wiglaf (Vaults:4)
  Maud (Lair:5)
  An orc warlord (Orc:2)
  2 balrugs
  Donald (Vaults:2)
  A cacodemon (WizLab)
  8 draconian knights
  8 ghost moths
  6 draconian shifters (Zot:1)
  4 iron dragons
  Louise (Shoals:3)
  6 emperor scorpions (Spider:4)
  4 draconian scorchers
  6 draconian zealots
  An angel (Depths:5)
  13 vault wardens
  10 ghouls
  A juggernaut zombie (Crypt:3)
  A curse skull (Crypt:2)
  8 ironheart preservers
  6 spriggan defenders
  23 very ugly things
  3 deep elf elementalists (Elf:3)
  4 draconian annihilators
  A war gargoyle (Vaults:5)
  A caustic shrike skeleton (D:15)
  11 green draconians
  6 draconian callers
  25 stone giants
  10 black draconians
  7 vampire knights
  2 salamander stormcallers (Vaults:3)
  9 purple draconians
  Azrael (Orc:2)
  A lorocyproca (Zot:4)
  8 deep elf annihilators
  6 dire elephants (Lair:8)
  9 deep elf demonologists
  11 mottled draconians
  11 red draconians
  5 white draconians
  11 yellow draconians
  5 spark wasps
  An ettin (shapeshifter) (Vaults:5)
  7 merfolk javelineers
  19 fire dragons
  13 ogre magi
  7 merfolk impalers
  14 ettins
  2 eidola (Crypt:3)
  A minotaur (Lab)
  A quicksilver dragon zombie (Crypt:2)
  4 deep elf high priests
  17 jiangshi
  7 deep elf death magi
  30 vault guards
  Harold (Lair:2)
  A hydra (shapeshifter) (Vaults:5)
  A ghost crab (shapeshifter) (Depths:2)
  Fannar (Lair:2)
  An ice dragon (shapeshifter) (Depths:3)
  A great orb of eyes (shapeshifter) (Depths:3)
  12 great orbs of eyes
  25 yaktaur captains
  10 hydras
  7 entropy weavers
  7 spriggan air magi
  A catoblepas (Lair:7)
  11 ice dragons
  3 death knights
  2 merfolk avatars
  5 merfolk aquamancers (Shoals:4)
  8 deep troll shamans
  4 rakshasas
  An anaconda (Lair:8)
  An alligator snapping turtle (Shoals:4)
  8 vampire magi
  7 centaur warriors
  3 satyrs
  24 dancing weapons
  8 death yaks (Lair:7)
  6 deep troll earth magi
  5 orc high priests
  12 tengu warriors
  8 spriggan berserkers
  2 soul eaters
  2 titan skeletons (Crypt:3)
  16 deep elf knights
  A wizard (Vaults:3)
  6 iron trolls
  13 hell knights
  2 fire crabs
  52 skeletal warriors
  6 flayed ghosts
  2 death drakes (shapeshifter)
  A spark wasp zombie (Depths:1)
  3 unseen horrors
  3 shadow wraiths
  2 sun demons (Depths:5)
  5 sea snakes
  15 ironbrand convokers
  28 deep trolls
  10 hill giants
  15 deep elf archers
  4 giant orange brains
  An anaconda zombie (Crypt:2)
  11 phantasmal warriors
  2 anaconda skeletons (Crypt:3)
  An anubis guard (Tomb:1)
  2 golden dragon skeletons (Crypt:3)
  2 harpies (shapeshifter)
  16 orc knights
  2 shadow dragon skeletons
  59 ugly things
  20 harpies
  6 water nymphs
  2 stone giant zombies
  4 orc sorcerers
  15 necromancers
  16 orb spiders
  46 deep elf magi
  A frost giant zombie (Tomb:1)
  11 cyclopes
  6 fauns
  A moth of wrath (shapeshifter) (Vaults:5)
  12 griffons
  A sphinx skeleton (Crypt:2)
  8 manticores
  5 hornets
  3 salamanders (Vaults:3)
  An elephant (shapeshifter) (Elf:2)
  32 moths of wrath
  3 centaur zombies
  An iron dragon skeleton (Crypt:3)
  A shock serpent zombie (Crypt:2)
  28 wolf spiders
  An ice statue (IceCv)
  10 black mambas
  An eye of devastation (shapeshifter) (Vaults:5)
  18 elephants
  A black mamba (shapeshifter) (Vaults:4)
  4 stone giant skeletons
  7 sirens
  4 frost giant skeletons (Crypt:3)
  17 vault sentinels
  A rust devil (D:10)
  A yaktaur zombie (Depths:1)
  2 torpor snails
  2 guardian serpents (Depths:4)
  3 orange demons
  13 spiny frogs
  A red draconian zombie (Crypt:3)
  A smoke demon (Zot:5)
  2 fire drakes (shapeshifter)
  2 white draconian zombies (Crypt:2)
  15 komodo dragons
  62 yaktaurs
  2 kobold demonologists
  A hellwing (Depths:3)
  A catoblepas skeleton (Crypt:3)
  A queen bee (Depths:3)
  33 merfolk
  4 fire drakes
  2 tengu conjurers (Depths:2)
  2 green draconian skeletons
  4 freezing wraiths
  3 guardian mummies
  15 polar bears
  11 demonic crawlers
  A queen bee (shapeshifter) (Vaults:4)
  9 trolls
  A harpy skeleton (D:15)
  An ice devil (WizLab)
  15 two-headed ogres
  6 bog bodies
  4 wind drakes
  Prince Ribbit (D:8)
  A snapping turtle (shapeshifter) (Elf:3)
  18 blink frogs
  A wind drake (shapeshifter) (Vaults:3)
  2 hydra skeletons
  An ice dragon zombie (Crypt:2)
  5 boulder beetles
  A stone giant simulacrum (Vaults:3)
  A deep troll zombie (D:15)
  A tarantella zombie (Crypt:1)
  4 ettin skeletons
  24 jumping spiders
  27 slime creatures
  A vampire (Crypt:1)
  9 snapping turtles
  24 trapdoor spiders
  17 air elementals
  9 flying skulls (Crypt:3)
  46 yaks
  A fire dragon skeleton (Crypt:3)
  A human (shapeshifter) (Vaults:3)
  A ynoxinul (WizLab)
  A black mamba skeleton (Crypt:3)
  4 spriggans
  25 tarantellas
  A trapdoor spider (shapeshifter) (Elf:3)
  53 redbacks
  A spriggan skeleton (D:15)
  A yak (shapeshifter) (Vaults:3)
  A hog (shapeshifter) (Vaults:4)
  5 wraiths
  A human (D:9)
  A golden eye (Lair:6)
  3 hogs
  22 water elementals
  A shadow (Crypt:1)
  9 vampire mosquitoes
  3 basilisks
  8 hippogriffs
  A neqoxec (Depths:5)
  2 basilisks (shapeshifter)
  12 fire elementals
  A naga (Tomb:1)
  19 wolves
  A wyvern (D:11)
  Menkaure (D:7)
  An elf skeleton (Vaults:4)
  6 wargs
  14 water moccasins
  A hungry ghost (D:11)
  2 tengu zombies
  6 ice beasts
  2 hell hounds (Orc:2)
  13 porcupines
  9 sky beasts
  45 orc warriors
  2 yaktaur simulacra (Vaults:5)
  A spiny frog skeleton (Crypt:3)
  45 ogres
  4 black bears
  An eye of draining (shapeshifter) (Vaults:1)
  6 wasps
  7 necrophages
  A lindwurm zombie (Crypt:3)
  34 centaurs
  12 boggarts
  7 phantoms
  9 crocodiles
  A manticore skeleton (Crypt:3)
  A blink frog skeleton (Crypt:2)
  2 hog zombies (Crypt:1)
  4 big kobolds
  23 giant frogs
  2 earth elementals
  5 human simulacra
  A gnoll sergeant (D:7)
  2 wyvern skeletons
  A draconian skeleton (Crypt:1)
  3 scorpions
  A cyclops skeleton (Crypt:2)
  A water moccasin skeleton (D:3)
  A yak zombie (Crypt:3)
  A polar bear skeleton (Crypt:1)
  20 wights
  27 killer bees
  10 crimson imps
  10 electric eels
  5 hounds
  3 giant frog skeletons
  2 giant frog zombies
  9 centaur skeletons
  4 human zombies
  3 jellies
  18 orc wizards
  A basilisk zombie (Crypt:1)
  16 orc priests
  4 human skeletons
  7 iguanas
  12 worker ants
  31 sheep
  A sky beast zombie (Crypt:3)
  A hound skeleton (D:4)
  A crocodile skeleton (Crypt:1)
  A hound zombie (D:3)
  7 mummies
  4 worker ant zombies
  7 gnolls
  22 river rats
  15 adders
  4 shadow imps
  13 white imps
  An ooze (D:3)
  2 adder zombies
  3 worms
  4 adder skeletons
  A worm (shapeshifter) (Elf:1)
  3 giant geckos
  94 orcs
  8 bats
  2 giant cockroaches
  9 goblins
  7 hobgoblins
  13 jackals
  10 kobolds
  7 quokkas
  A giant cockroach zombie (D:3)
  A giant gecko skeleton (D:9)
  A giant gecko zombie (D:3)
  6 giant newts
  A giant newt skeleton (Crypt:1)
  A hobgoblin skeleton (Crypt:2)
  3 jackal skeletons
  An orc zombie (Crypt:1)
  A quokka skeleton (D:7)
  5 rats
  A rat skeleton (Crypt:2)
  A butterfly (Depths:5)
  A fire vortex (Volcano)
  3 plants (Lair:8)
  15 tentacles
  A tentacle segment (Shoals:3)
2670 creatures vanquished.

Vanquished Creatures (collateral kills)
  An orc sorcerer (Vaults:3)
  An orc warrior (Vaults:3)
  2 orcs (Vaults:3)
4 creatures vanquished.

Vanquished Creatures (others)
  An eldritch tentacle (Vaults:5)
  An unseen horror (D:10)
  A deep elf mage (Elf:3)
  3 humans (Shoals:1)
  A naga (D:11)
  A centaur (Depths:1)
  An ogre (Vaults:5)
  An orc wizard (D:11)
  2 orcs
  A quokka (D:2)
  116 eldritch tentacle segments (Vaults:5)
  3 fire vortices (Volcano)
  24 fungi
  7 lost souls
  13 plants
  33 tentacles
  2240 tentacle segments
2449 creatures vanquished.

Grand Total: 5123 creatures vanquished

Notes
Turn   | Place    | Note
--------------------------------------------------------------
     0 | D:1      | comborobin the Vine Stalker Conjurer began the quest for the Orb.
     0 | D:1      | Reached XP level 1. HP: 9/9 MP: 4/4
    96 | D:1      | Reached skill level 1 in Fighting
   167 | D:1      | Reached XP level 2. HP: 14/14 MP: 1/6
   806 | D:2      | Found a faded altar to an unknown god.
   819 | D:2      | Became a worshipper of Warmaster Okawaru
   819 | D:2      | Reached * piety under Okawaru
   896 | D:2      | Found a white marble altar of Elyvilon.
   939 | D:2      | Reached XP level 3. HP: 18/18 MP: 0/7
   942 | D:2      | Reached skill level 1 in Unarmed Combat
  1365 | D:2      | Reached XP level 4. HP: 23/23 MP: 4/8
  1686 | D:3      | Reached XP level 5. HP: 12/26 MP: 5/9
  1820 | D:3      | Found a shadowy altar of Dithmenos.
  2104 | D:3      | Found an oddly glowing altar of Pakellas.
  2477 | D:4      | Noticed a sky beast
  2532 | D:4      | Killed a sky beast
  2532 | D:4      | Reached ** piety under Okawaru
  2532 | D:4      | Reached skill level 5 in Unarmed Combat
  2532 | D:4      | Gained mutation: You heal very quickly. [Vine Stalker growth]
  2532 | D:4      | Reached XP level 6. HP: 16/30 MP: 10/10
  2840 | D:4      | Reached skill level 6 in Unarmed Combat
  2909 | D:4      | Reached skill level 13 in Unarmed Combat
  2909 | D:4      | Reached XP level 7. HP: 35/35 MP: 11/11
  3085 | D:4      | Gained mutation: You have razor-sharp teeth. [Vine Stalker growth]
  3085 | D:4      | Reached XP level 8. HP: 36/39 MP: 10/12
  3218 | D:5      | Entered Level 5 of the Dungeon
  3364 | D:5      | Found a staircase to the Ecumenical Temple.
  3384 | Temple   | Entered the Ecumenical Temple
  3643 | D:5      | Found a glowing golden altar of the Shining One.
  3780 | D:5      | Reached *** piety under Okawaru
  4244 | D:6      | Reached XP level 9. HP: 43/44 MP: 5/13
  4256 | D:6      | Gained mutation: Your spells are a little easier to cast, but a little less powerful. [mutagenic meat]
  4257 | D:6      | Gained mutation: Scrolls take you a little longer to read. [mutagenic meat]
  4258 | D:6      | Gained mutation: You are agile. (Dex +2) [mutagenic meat]
  4259 | D:6      | Lost mutation: You are agile. (Dex +2) [mutagenic meat]
  4260 | D:6      | Gained mutation: Your magical capacity is low (-10% MP). [mutagenic meat]
  4261 | D:6      | Lost mutation: Your magical capacity is low (-10% MP). [mutagenic meat]
  4339 | D:6      | Received a gift from Okawaru
  4428 | D:6      | Found a snail-covered altar of Cheibriados.
  4436 | D:6      | Found a glowing silver altar of Zin.
  4451 | D:6      | Found a basalt altar of Yredelemnul.
  4625 | D:6      | Found an opulent altar of Gozag.
  5002 | D:7      | Reached **** piety under Okawaru
  5407 | D:7      | Noticed Menkaure
  5414 | D:7      | Killed Menkaure
  5473 | D:7      | Reached skill level 5 in Fighting
  5541 | D:7      | Reached XP level 10. HP: 48/51 MP: 10/14
  6056 | D:7      | Reached skill level 5 in Dodging
  6359 | D:8      | Found Feycepoden's General Store.
  6363 | D:8      | Found Gisatiwnol's Antique Weapon Emporium.
  6367 | D:8      | Bought a scroll of identify for 26 gold pieces
  6367 | D:8      | Bought a scroll of fog for 26 gold pieces
  6367 | D:8      | Bought a scroll of noise for 13 gold pieces
  6463 | D:8      | Found Odghutz's Food Shop.
  6525 | D:8      | Found Nixziok's Food Shoppe.
  6530 | D:8      | Noticed Prince Ribbit
  6538 | D:8      | Killed Prince Ribbit
  6693 | D:8      | Found Ceoqus's Gadget Emporium.
  6881 | D:8      | Received a gift from Okawaru
  6956 | D:9      | Found Itwuthis's Assorted Antiques.
  6984 | D:9      | Learned a level 1 spell: Apportation
  7001 | D:9      | Bought a gold wand for 88 gold pieces
  7001 | D:9      | Bought a scroll of identify for 44 gold pieces
  7001 | D:9      | Bought a brown potion for 19 gold pieces
  7001 | D:9      | Bought a brown potion for 19 gold pieces
  7001 | D:9      | Bought a brown potion for 19 gold pieces
  7106 | D:9      | Found a sparkling altar of Nemelex Xobeh.
  7231 | D:9      | Found a staircase to the Orcish Mines.
  7267 | D:9      | Reached ***** piety under Okawaru
  7430 | D:9      | Found a shadowy altar of Dithmenos.
  7592 | D:10     | Entered Level 10 of the Dungeon
  7606 | D:10     | Killed an unseen horror
  7628 | D:10     | Noticed a hill giant
  7642 | D:10     | Reached XP level 11. HP: 58/58 MP: 15/15
  7663 | D:10     | Killed a hill giant
  8103 | D:10     | Found a staircase to the Lair.
  8240 | D:10     | Reached skill level 1 in Armour
  8382 | Lair:1   | Entered Level 1 of the Lair of Beasts
  8406 | Lair:1   | Noticed a death yak
  8420 | Lair:1   | Noticed an eight-headed hydra
  8432 | Lair:1   | Received a gift from Okawaru
  8432 | Lair:1   | Reached skill level 1 in Invocations
  8448 | Lair:1   | Killed an eight-headed hydra
  8505 | Lair:1   | Found a dark tunnel.
  8528 | Volcano  | Entered a volcano
  8836 | Lair:1   | Reached skill level 5 in Invocations
  9059 | Lair:1   | Received a gift from Okawaru
  9227 | Lair:1   | Gained mutation: You regenerate. [Vine Stalker growth]
  9227 | Lair:1   | Reached XP level 12. HP: 60/63 MP: 11/18
  9283 | Lair:1   | Learned a level 2 spell: Blink
  9506 | Lair:1   | Noticed a death yak
  9544 | Lair:2   | Reached skill level 1 in Translocations
  9639 | Lair:2   | Noticed Harold
  9659 | Lair:2   | Killed Harold
  9894 | Lair:2   | Noticed Fannar
  9918 | Lair:2   | Killed Fannar
  9918 | Lair:2   | Received a gift from Okawaru
 10960 | Lair:3   | Learned a level 3 spell: Portal Projectile
 10965 | Lair:3   | Learned a level 4 spell: Passage of Golubria
 11131 | Lair:3   | Reached ****** piety under Okawaru
 11290 | Lair:3   | Found a staircase to the Shoals.
 11305 | Shoals:1 | Entered Level 1 of the Shoals
 11317 | Shoals:1 | Reached skill level 10 in Fighting
 11534 | Lair:4   | Noticed a four-headed hydra
 11625 | Lair:5   | Noticed Maud
 11691 | Lair:5   | Found a frozen archway.
 11710 | Lair:5   | Reached XP level 13. HP: 72/72 MP: 19/19
 11786 | IceCv    | Entered an ice cave
 11801 | IceCv    | Reached skill level 14 in Unarmed Combat
 11983 | IceCv    | Noticed a frost giant
 12008 | IceCv    | Killed a frost giant
 12122 | IceCv    | Received a gift from Okawaru
 12171 | IceCv    | Reached skill level 15 in Unarmed Combat
 12475 | Lair:5   | Killed Maud
 13026 | Lair:6   | Found a labyrinth entrance.
 13053 | Lab      | Entered a labyrinth
 13298 | Lab      | Noticed a minotaur
 13306 | Lab      | Killed a minotaur
 13306 | Lab      | Reached skill level 16 in Unarmed Combat
 13336 | Lab      | Identified the Handbook of Attacks and Ignition
 13391 | Lair:6   | Learned a level 2 spell: Repel Missiles
 13436 | Lair:6   | Received a gift from Okawaru
 13437 | Lair:6   | Got an ichor-stained fire dragon armour {god gift}
 13456 | Lair:6   | Identified the +1 fire dragon armour "Iwnaab" {rPois rF++ rC- MR- MP+9 Str+6} (Okawaru gifted it to you on level 6 of the Lair of Beasts)
 13480 | Lair:6   | Found a viscous altar of Jiyva.
 13481 | Lair:6   | Found a staircase to the Slime Pits.
 13628 | Lair:6   | Reached XP level 14. HP: 42/77 MP: 17/20
 13911 | D:8      | Bought a potion of cure mutation for 455 gold pieces
 13911 | D:8      | Lost mutation: Scrolls take you a little longer to read. [potion of cure mutation]
 13911 | D:8      | Lost mutation: Your spells are a little easier to cast, but a little less powerful. [potion of cure mutation]
 14255 | D:11     | Hired Vaip the naga for 165 gold.
 14257 | D:11     | Your ally Vaip died
 14366 | D:11     | Found Taisanlajeo's Food Shoppe.
 14551 | D:11     | Gained mutation: Your system is resistant to poisons. [mutagenic meat]
 14552 | D:11     | Gained mutation: Your skin changes colour to match your surroundings (Stealth). [mutagenic meat]
 14553 | D:11     | Gained mutation: Your body sometimes deteriorates upon taking damage. [mutagenic meat]
 14554 | D:11     | Gained mutation: You have sharp toenails. [potion of beneficial mutation]
 14555 | D:11     | Gained mutation: You are somewhat resistant to further mutation. [potion of beneficial mutation]
 14732 | D:11     | Got a polished ring mail
 14743 | D:11     | Identified the +3 ring mail of the Lotus Blossom {Str+2} (You found it on level 11 of the Dungeon)
 14946 | D:11     | Lost mutation: Your system is resistant to poisons. [helix card]
 14961 | D:11     | Gained mutation: You are clumsy. (Dex -2) [mutagenic meat]
 14963 | D:11     | Lost mutation: You are clumsy. (Dex -2) [mutagenic meat]
 15168 | Orc:1    | Entered Level 1 of the Orcish Mines
 15471 | Orc:2    | Entered Level 2 of the Orcish Mines
 15471 | Orc:2    | Noticed Azrael
 15481 | Orc:2    | Killed Azrael
 15481 | Orc:2    | Received a gift from Okawaru
 15549 | Orc:2    | Found a roughly hewn altar of Beogh.
 15552 | Orc:2    | Found a staircase to the Elven Halls.
 15560 | Orc:2    | Noticed an orc warlord
 16366 | Lair:4   | Reached skill level 5 in Armour
 16521 | Lair:4   | Found a hole to the Spider Nest.
 16533 | Spider:1 | Entered Level 1 of the Spider Nest
 17539 | Lair:7   | Received a gift from Okawaru
 17549 | Lair:7   | Reached XP level 15. HP: 80/81 MP: 21/21
 17821 | Lair:7   | Reached skill level 10 in Dodging
 17836 | Lair:7   | Identified a +0 rod of the swarm (10/10) (You found it on level 7 of the Lair of Beasts)
 18307 | Lair:8   | Entered Level 8 of the Lair of Beasts
 18324 | Lair:8   | Got a spiked chain mail
 18335 | Lair:8   | Identified the cursed +1 chain mail of Benevolence {rPois rCorr MP+9 Str-4} (You found it on level 8 of the Lair of Beasts)
 18691 | Lair:8   | Received a gift from Okawaru
 18703 | Lair:8   | Got a bloodstained ring mail {god gift}
 18714 | Lair:8   | Identified the +0 ring mail "Ysched" {+Blink Dex+3} (Okawaru gifted it to you on level 8 of the Lair of Beasts)
 20451 | Orc:2    | Found Motokhle's General Store.
 20484 | Orc:2    | Noticed Rupert
 20511 | Orc:2    | Killed Rupert
 20577 | Orc:2    | Noticed Nessos
 20577 | Orc:2    | Noticed Nessos
 20577 | Orc:2    | Nessos changed into Nessos the sea snake
 20585 | Orc:2    | Killed Nessos the sea snake
 21367 | Orc:2    | Found Putottob's Jewellery Boutique.
 21479 | Orc:2    | Found Leav's Antique Weapon Emporium.
 21561 | Orc:2    | Received a gift from Okawaru
 21561 | Orc:2    | Reached XP level 16. HP: 86/86 MP: 22/22
 21597 | Orc:2    | Found Tun Sumn's Antique Armour Boutique.
 21626 | Orc:2    | Bought a bloodstained chain mail for 313 gold pieces
 21636 | Orc:2    | Identified the +2 chain mail of Ilay {rElec Dex-4 Stlth+} (You bought it in a shop on level 2 of the Orcish Mines)
 21862 | Elf:1    | Entered Level 1 of the Elven Halls
 23168 | Orc:2    | Bought a +5 ring of dexterity for 700 gold pieces
 23499 | D:13     | Found a portal to a secret trove of treasure.
 23572 | D:13     | Found Dothoz's Assorted Antiques.
 23580 | D:13     | Bought an ivory wand for 136 gold pieces
 23580 | D:13     | Bought a bronze wand for 136 gold pieces
 23580 | D:13     | Bought a blackened diamond ring for 170 gold pieces
 23580 | D:13     | Bought a scroll of teleportation for 102 gold pieces
 23580 | D:13     | Bought a curved lead wand for 136 gold pieces
 23580 | D:13     | Bought a scroll of identify for 68 gold pieces
 23799 | D:13     | Received a gift from Okawaru
 23815 | D:13     | Got a pair of fine gloves {god gift}
 23827 | D:13     | Identified the +1 pair of gloves of the Tortoise {+Fly rC++ MR- Slay-4} (Okawaru gifted it to you on level 13 of the Dungeon)
 24082 | D:13     | Found Noafuqit's Assorted Antiques.
 24091 | D:13     | Bought a scroll of identify for 60 gold pieces
 24444 | D:14     | Reached skill level 17 in Unarmed Combat
 24501 | D:14     | Found a gate to the Vaults.
 24785 | D:14     | Got a brightly glowing leather armour
 24796 | D:14     | Identified the +3 leather armour of Amaerph {rF++ rN+} (You found it on level 14 of the Dungeon)
 25042 | D:15     | Entered Level 15 of the Dungeon
 25042 | D:15     | Found a blossoming altar of Fedhas.
 25497 | D:15     | Found a staircase to the Depths.
 25752 | D:15     | Reached skill level 10 in Armour
 25885 | Depths:1 | Entered Level 1 of the Depths
 25907 | Depths:1 | Found a shattered altar of Ashenzari.
 25932 | Depths:1 | Found Ulunluzu's Distillery.
 25942 | Depths:1 | Bought a potion of invisibility for 88 gold pieces
 26075 | D:15     | Gained mutation: You are partially covered in icy blue scales (AC +1). [potion of mutation]
 26594 | Elf:1    | Reached XP level 17. HP: 90/93 MP: 19/23
 27448 | Spider:1 | Received a gift from Okawaru
 28441 | Spider:2 | Noticed Arachne
 28465 | Spider:2 | Killed Arachne
 29347 | Spider:3 | Received a gift from Okawaru
 29830 | D:13     | Bought a twisted ring mail for 306 gold pieces
 29840 | D:13     | Identified the cursed +1 ring mail "Omalitsa" {Dex+3} (You bought it in a shop on level 13 of the Dungeon)
 30649 | Spider:4 | Entered Level 4 of the Spider Nest
 30742 | Spider:4 | Reached skill level 18 in Unarmed Combat
 31192 | Spider:3 | Received a gift from Okawaru
 31193 | Spider:3 | Got a jewelled arbalest {god gift}
 31199 | Spider:3 | Identified the +1 arbalest of Ejoklazo {elec, rC+} (Okawaru gifted it to you on level 3 of the Spider Nest)
 31728 | Spider:4 | Reached XP level 18. HP: 41/99 MP: 22/24
 32253 | Spider:4 | Got a gossamer rune of Zot
 32573 | Vaults:1 | Entered Level 1 of the Vaults
 32648 | Vaults:1 | Received a gift from Okawaru
 32701 | D:14     | Identified a +1 pair of boots of running (Okawaru gifted it to you on level 1 of the Vaults)
 33639 | Vaults:2 | Noticed Sojobo
 33659 | Vaults:1 | Killed Sojobo
 33970 | Vaults:1 | Reached skill level 19 in Unarmed Combat
 34144 | Vaults:1 | Lost mutation: You are somewhat resistant to further mutation. [potion of cure mutation]
 34144 | Vaults:1 | Lost mutation: You have sharp toenails. [potion of cure mutation]
 34144 | Vaults:1 | Lost mutation: You are partially covered in icy blue scales (AC +1). [potion of cure mutation]
 34144 | Vaults:1 | Lost mutation: Your body sometimes deteriorates upon taking damage. [potion of cure mutation]
 34144 | Vaults:1 | Lost mutation: Your skin changes colour to match your surroundings (Stealth). [potion of cure mutation]
 34687 | Vaults:2 | Noticed Donald
 34725 | Vaults:2 | Killed Donald
 34774 | Vaults:2 | Identified the Incunabulum of Excruciating Poisoning
 34949 | Vaults:3 | Received a gift from Okawaru
 34984 | Vaults:3 | Found Wazat's General Store.
 35037 | Vaults:3 | Found Ogatypsy's Antique Weapon Emporium.
 35052 | Vaults:3 | Bought a scroll of identify for 30 gold pieces
 35072 | Vaults:3 | Found Keyl's Antique Weapon Shoppe.
 35478 | Vaults:3 | Reached XP level 19. HP: 105/105 MP: 23/25
 36225 | Vaults:3 | Received a gift from Okawaru
 36226 | Vaults:3 | Got a dazzling shield {god gift}
 36247 | Vaults:3 | Identified the +0 shield of the Beginning {MR- rCorr Str+3} (Okawaru gifted it to you on level 3 of the Vaults)
 36624 | Vaults:3 | Found Bayn's Jewellery Emporium.
 36961 | Vaults:4 | Reached skill level 15 in Fighting
 37017 | Vaults:4 | Noticed Xtahua
 37024 | Vaults:4 | Gained mutation: You have an increased reservoir of magic (+10% MP). [potion of beneficial mutation]
 37930 | Vaults:2 | Found a staircase to the Crypt.
 38027 | Crypt:1  | Entered Level 1 of the Crypt
 38179 | Crypt:1  | Found a magical portal.
 38196 | WizLab   | Entered The Hall of Wyupen the Hellbinder
 38248 | WizLab   | Gained mutation: You are partially covered in icy blue scales (AC +1). [a cacodemon]
 38261 | WizLab   | Gained mutation: You are dopey. (Int -2) [a cacodemon]
 38355 | WizLab   | Noticed Wyupen
 38358 | WizLab   | Found a burning altar of Makhleb.
 38370 | WizLab   | Killed Wyupen the Hellbinder
 38382 | WizLab   | Identified Sif Muna's Tome of Pathos
 38411 | WizLab   | Identified the Handbook of the Big Bang (You found it in a wizard's laboratory)
 38533 | WizLab   | Received a gift from Okawaru
 38537 | WizLab   | Got an encrusted ring mail {god gift}
 38577 | Crypt:1  | Identified the +1 ring mail of Okawaru's Esteem {*Confuse rElec rC++ Stlth+} (Okawaru gifted it to you in a wizard's laboratory)
 39139 | Vaults:4 | Killed Xtahua
 39263 | Vaults:4 | Reached XP level 20. HP: 107/114 MP: 29/29
 39887 | Vaults:4 | Noticed Wiglaf
 39910 | Vaults:4 | Killed Wiglaf
 40181 | Vaults:4 | Found Juhanent's Gadget Shoppe.
 40191 | Vaults:4 | Bought a legendary deck of defence for 494 gold pieces
 40248 | Vaults:4 | Received a gift from Okawaru
 40743 | Elf:1    | Found Xezopim's Assorted Antiques.
 40900 | D:13     | Bought a scroll of teleportation for 90 gold pieces
 41700 | Elf:2    | Found Licwak's Jewellery Shop.
 41861 | Elf:2    | Found a runed door.
 41886 | Elf:2    | Found a runed door.
 42040 | Elf:1    | Reached skill level 15 in Armour
 42768 | Elf:1    | Drew Focus: Dex increased to 19, Int decreased to 14
 42782 | Elf:1    | Drew Focus: Dex increased to 20, Int decreased to 13
 42892 | Elf:3    | Entered Level 3 of the Elven Halls
 43925 | Elf:3    | Reached XP level 21. HP: 119/119 MP: 30/30
 44040 | Elf:3    | Reached skill level 20 in Unarmed Combat
 44115 | Elf:3    | Got a faintly glowing turquoise ring
 44131 | Elf:3    | Identified the ring "Puixixuf" {rElec Str+2 Slay+2 SInv} (You took it off a deep elf annihilator on level 3 of the Elven Halls)
 44178 | Elf:3    | Received a gift from Okawaru
 44464 | Elf:3    | Got a smoking zirconium amulet
 44467 | Elf:3    | Identified the amulet "Zerrif" {Faith Int+4} (You took it off a deep elf mage on level 3 of the Elven Halls)
 44582 | Elf:3    | Got a translucent cloak
 44593 | Elf:3    | Identified the +0 cloak of Sikoorug {+Inv MP+9 Dex-3} (You found it on level 3 of the Elven Halls)
 44656 | Elf:3    | Identified the Grimoire of Combat Magic and Flames
 44828 | Elf:3    | Got a warped steel ring
 44845 | Elf:3    | Identified the ring "Loxumaso" {Ice MR++ Int+4} (You found it on level 3 of the Elven Halls)
 46064 | Shoals:1 | Noticed Frances
 46067 | Shoals:1 | Noticed Kirke
 46077 | Shoals:1 | Killed Frances
 46077 | Shoals:1 | Reached skill level 21 in Unarmed Combat
 46083 | Shoals:1 | Killed Kirke
 46135 | Shoals:1 | Got a steaming large shield
 46141 | Shoals:1 | Identified the cursed +0 large shield of Dim Light {+Fly rN++ Dex-2 Slay+2} (You found it on level 1 of the Shoals)
 47320 | Shoals:3 | Noticed Louise
 47351 | Shoals:3 | Killed Louise
 47783 | Shoals:3 | Received a gift from Okawaru
 48325 | Shoals:3 | Reached skill level 22 in Unarmed Combat
 48419 | Shoals:4 | Entered Level 4 of the Shoals
 48440 | Shoals:4 | Noticed Ilsuiw
 48449 | Shoals:4 | Reached XP level 22. HP: 124/124 MP: 31/31
 48483 | Shoals:4 | Killed Ilsuiw
 49039 | Shoals:4 | Reached skill level 1 in Evocations
 49318 | Shoals:4 | Got a barnacled rune of Zot
 49996 | Crypt:1  | Received a gift from Okawaru
 50003 | Crypt:1  | Got a smoking longbow {god gift}
 50004 | Crypt:1  | Identified the +8 longbow "Vine's Death" {flame, +Inv rC+ Str+4} (Okawaru gifted it to you on level 1 of the Crypt)
 50052 | Crypt:1  | Reached skill level 5 in Evocations
 50279 | Crypt:1  | Got a smoking chain mail
 50348 | Crypt:1  | Identified the +2 chain mail "Jidwuwo" {Int-4 Dex+4 Slay+4} (You found it on level 1 of the Crypt)
 50387 | Crypt:1  | Found an ancient bone altar of Kikubaaqudgha.
 51128 | D:8      | Bought a plain deck of changes for 210 gold pieces
 51141 | D:8      | XOM: cast spell 'Dragon Form'
 51146 | D:8      | Lost mutation: You are dopey. (Int -2) [helix card]
 51146 | D:8      | Gained mutation: You are dopey. (Int -2) [helix card]
 51460 | Crypt:2  | Identified a +0 rod of ignition (14/14) (You found it on level 2 of the Crypt)
 51578 | Crypt:3  | Entered Level 3 of the Crypt
 51578 | Crypt:3  | Found a staircase to the Tomb.
 51585 | Tomb:1   | Entered Level 1 of the Tomb of the Ancients
 51768 | Tomb:1   | Received a gift from Okawaru
 52006 | Crypt:3  | Drew Focus: Dex increased to 21, Int decreased to 12
 52010 | Crypt:3  | Drew Focus: Dex increased to 22, Int decreased to 11
 52275 | Crypt:2  | Learned a level 7 spell: Dragon Form
 52663 | Crypt:3  | Reached XP level 23. HP: 113/130 MP: 32/32
 52680 | Crypt:3  | Received a gift from Okawaru
 52960 | D:13     | You paid a toll of 14 scrolls of teleportation to enter a treasure trove
 52961 | Trove    | Entered a treasure trove
 52976 | Trove    | Got a brightly glowing leather armour
 52987 | Trove    | Identified the +0 leather armour of Gofy {rElec Regen+} (You found it in a treasure trove)
 53061 | Trove    | Got a pair of polished gloves
 53072 | Trove    | Identified the +1 pair of gloves of Kunejon {MR++ Dex+2} (You found it in a treasure trove)
 53294 | Vaults:3 | Bought a +5 ring of protection for 1155 gold pieces
 54185 | Crypt:3  | Noticed Jorgrun
 54193 | Crypt:3  | Killed Jorgrun
 54342 | Crypt:3  | Found a basalt altar of Yredelemnul.
 54493 | Crypt:3  | Found a basalt altar of Yredelemnul.
 54667 | Crypt:3  | Received a gift from Okawaru
 54680 | Crypt:3  | Got a smoking chain mail {god gift}
 54691 | Crypt:3  | Identified the +2 chain mail of Xidd {Regen+ Str+4} (Okawaru gifted it to you on level 3 of the Crypt)
 54825 | Crypt:3  | Got an ancient tin ring
 54828 | Crypt:3  | Identified the ring of Harmony {rC+ rN+} (You took it off a skeletal warrior on level 3 of the Crypt)
 54847 | Crypt:3  | Noticed an ancient lich
 54868 | Crypt:3  | Killed an ancient lich
 54884 | Crypt:3  | Got a fine lapis lazuli ring
 54887 | Crypt:3  | Identified the ring "Hikeo" {rF- rN+ Str+6 SInv} (You took it off a skeletal warrior on level 3 of the Crypt)
 54900 | Crypt:3  | Identified the Collected Works on Evil
 55857 | Depths:1 | Found a gateway to Hell.
 56034 | Depths:1 | Found a one-way gate to the infinite horrors of the Abyss.
 56054 | Depths:1 | Noticed Nikola
 56065 | Depths:1 | Killed Nikola
 56275 | Depths:1 | Reached XP level 24. HP: 137/137 MP: 30/32
 56443 | Depths:2 | Received a gift from Okawaru
 56573 | Depths:2 | Got a bloodstained crystal plate armour {god gift}
 56591 | Depths:1 | Identified the +5 crystal plate armour of Botroirgh {rElec rC+ MP-9} (Okawaru gifted it to you on level 2 of the Depths)
 56834 | Depths:2 | Found a corrupted altar of Lugonu.
 57049 | Depths:2 | Reached skill level 15 in Dodging
 57173 | Depths:2 | Identified the Incunabulum of Anarchy (You found it on level 2 of the Depths)
 57567 | Depths:2 | Noticed an iron giant
 57598 | Depths:3 | Found a runed door.
 57834 | Depths:3 | Got a faintly glowing scale mail
 57845 | Depths:3 | Identified the +2 scale mail of the Many Beggars {rC- Str+8 Dex+4} (You found it on level 3 of the Depths)
 57897 | Depths:3 | Received a gift from Okawaru
 58136 | Depths:2 | Killed an iron giant
 58780 | Depths:3 | Reached XP level 25. HP: 143/145 MP: 21/32
 59491 | Depths:3 | Found a one-way gate leading to the halls of Pandemonium.
 59506 | Depths:3 | Received a gift from Okawaru
 59602 | Depths:3 | Got a ring of the Octopus King
 59604 | Depths:3 | Identified a ring of the Octopus King {Wiz AC+1 EV+1 Str+1 Int+1 Dex+1} (You found it on level 3 of the Depths)
 60109 | D:9      | Bought a fan of gales for 880 gold pieces
 60585 | Depths:4 | Received a gift from Okawaru
 60679 | Depths:4 | Found Gozag's Antique Weapon Shoppe.
 60877 | Depths:4 | Found an opulent altar of Gozag.
 60880 | Depths:4 | Found Gozag's Antique Weapon Emporium.
 60899 | Depths:4 | Found Gozag's Antique Armour Shoppe.
 60957 | Depths:4 | Got an amethyst-encrusted chain mail
 60968 | Depths:4 | Identified the +11 chain mail of Oqeitual {+Blink Slay+3} (You found it on level 4 of the Depths)
 61819 | Depths:5 | Entered Level 5 of the Depths
 61819 | Depths:5 | Found Qoxaxun's Antique Armour Shoppe.
 61855 | Depths:5 | Found a gateway to a ziggurat.
 61863 | Depths:5 | Reached XP level 26. HP: 154/154 MP: 32/32
 61897 | Depths:5 | Noticed a juggernaut
 61911 | Depths:5 | Killed a juggernaut
 62235 | Depths:5 | Found a gate to the Realm of Zot.
 62371 | Depths:5 | Received a gift from Okawaru
 62374 | Depths:5 | Got a faintly humming crystal plate armour {god gift}
 62426 | Depths:5 | Identified the +1 crystal plate armour of Sullam {MR+ Int-5 Dex+2} (Okawaru gifted it to you on level 5 of the Depths)
 63646 | Vaults:5 | Entered Level 5 of the Vaults
 63940 | Vaults:5 | Received a gift from Okawaru
 63957 | Vaults:5 | Noticed an ancient lich
 63959 | Vaults:5 | Killed an ancient lich
 63992 | Vaults:5 | Reached XP level 27. HP: 92/161 MP: 32/32
 64000 | Vaults:5 | Got a flickering ivory ring
 64000 | Vaults:5 | Got a coiled silver ring
 64016 | Vaults:5 | Identified the ring "Zikuk" {rPois rC+ rN+ MR- Str+6} (You took it off a yaktaur captain on level 5 of the Vaults)
 64029 | Vaults:5 | Got an ancient ring mail
 64040 | Vaults:5 | Identified the cursed +1 ring mail "Pasenwis" {Str+2 Dex+4} (You found it on level 5 of the Vaults)
 64062 | Vaults:5 | Got an encrusted ring mail
 64069 | Vaults:5 | Identified the Compendium of Noxious Unholy Magic
 64110 | Vaults:5 | Identified the ring "Refuasmiodgh" {+Inv rPois rF- rN+ MR+} (You took it off a fire giant on level 5 of the Vaults)
 64487 | Vaults:5 | Received a gift from Okawaru
 64619 | Vaults:5 | Noticed an ancient lich
 64632 | Vaults:5 | Killed an ancient lich
 64929 | Vaults:5 | Noticed an ancient lich
 64938 | Vaults:5 | Killed an ancient lich
 65091 | Vaults:5 | Got a silver rune of Zot
 65274 | Vaults:5 | Noticed an ancient lich
 65281 | Vaults:5 | Killed an ancient lich
 65281 | Vaults:5 | Received a gift from Okawaru
 65815 | Zot:1    | Entered Level 1 of the Realm of Zot
 65867 | Zot:1    | Gained mutation: Your muscles are strong. (Str +2) [a neqoxec]
 66023 | Zot:1    | Received a gift from Okawaru
 66085 | Zot:1    | Got a clouded ivory ring
 66096 | Zot:1    | Identified the cursed ring "Bar Dit" {rN+ Dex-3 Slay+3} (You took it off a red draconian on level 1 of the Realm of Zot)
 66617 | Zot:2    | Received a gift from Okawaru
 67009 | Zot:2    | Received a gift from Okawaru
 68667 | D:8      | Bought a wand of hasting (6/9) for 900 gold pieces
 69342 | Zot:4    | Received a gift from Okawaru
 69632 | Zot:4    | Reached skill level 23 in Fighting
 69732 | Zot:5    | Entered Level 5 of the Realm of Zot
 69996 | Zot:5    | Noticed an ancient lich
 70004 | Zot:5    | Killed an ancient lich
 70045 | Zot:5    | Noticed an ancient lich
 70047 | Zot:5    | Noticed an orb of fire
 70064 | Zot:5    | Noticed an ancient lich
 70282 | Zot:5    | Received a gift from Okawaru
 70298 | Zot:5    | Noticed an orb of fire
 70308 | Zot:5    | Killed an orb of fire
 70327 | Zot:5    | Noticed an orb of fire
 70338 | Zot:5    | Killed an orb of fire
 70359 | Zot:5    | Noticed an orb of fire
 70360 | Zot:5    | Gained mutation: Your body sometimes deteriorates upon taking damage. [an orb of fire]
 70361 | Zot:5    | Noticed an ancient lich
 70366 | Zot:5    | Killed an orb of fire
 70374 | Zot:5    | Killed an ancient lich
 70374 | Zot:5    | Reached skill level 24 in Fighting
 70385 | Zot:5    | Noticed an orb of fire
 70398 | Zot:5    | Killed an orb of fire
 70435 | Zot:5    | Noticed an orb of fire
 70450 | Zot:5    | Killed an orb of fire
 70462 | Zot:5    | Got the Orb of Zot
 70700 | Depths:5 | Reached skill level 25 in Fighting
 71191 | D:$      | Escaped with the Orb!

Vault maps used:
D:1:      scummos_arrival_gate
D:2:      elyvilon_altar_4, ecumenical_altar_2, dk_noncrumbling_3,
          kennysheep_generic_room_8
D:3:      grunt_pakellas_basics, serial_undead, serial_undead_c,
          serial_undead_a, serial_undead_d, serial_undead_d, serial_undead_a,
          serial_undead_a, serial_undead_a, serial_undead_c,
          minmay_curled_crystal, grunt_dithmenos_smoke_and_mirrors
D:5:      overflow_temple_1_default, minmay_temple_entry_purple_smoke,
          first_bread
D:6:      overflow_temple_1_default, old_standard_altar,
          grunt_temple_overflow_open
D:7:      serial_bayou, serial_bayou_crossing, serial_bayou_pond_c,
          serial_bayou_pond_d, serial_bayou_pond_b, serial_bayou_lake_a,
          uniq_menkaure
D:8:      serial_shops, nicolae_shop_stone, shop_statue, shop, shop, shop,
          uniq_prince_ribbit1
D:9:      lemuel_crystal_altar, serial_shops, nicolae_shop_overgrown_old_shop,
          grunt_livestock, nemelex_deck
D:10:     david_lair_shrubbed
D:11:     serial_shops, shop
D:13:     serial_shops, shop, nicolae_shop_overgrown_old_shop, enter_trove_3
D:14:     david_vaults_2, minmay_stone_trees_large
D:15:     gammafunk_depths_entry_grave, fedhas_altar_1
Temple:   circular_temple_12
Lair:1:   nicolae_volcano_entry_two_sided, serial_bayou_ford_a,
          hibernation_bobbens
Lair:2:   eino_small_chamber_without_monster, uniq_fannar, uniq_harold
Lair:3:   minmay_shoals_entry_hut
Lair:4:   dpeg_oklob_shooting_range, nicolae_spider_entry_orb_guardian,
          infiniplex_staircase_pool_2, serial_bayou_shore_b
Lair:5:   portal_ice_cave_entry_imps, bh_autumn_forest_stairs, uniq_maud
Lair:6:   slime_altar_1, lab_entry_generic, grunt_megastairs_4
Lair:7:   beast_lair_carwin_6
Lair:8:   due_jungle_book, bobbens_dragon_lair_wall, lemuel_fruit_tree
Shoals:1: nicolae_shoals_square_sea_wall, uniq_kirke, uniq_frances
Shoals:3: uniq_louise
Shoals:4: shoals_end_grunt_ice, shoals_ilsuiw_ice
Spider:2: spider_trap, nicolae_spider_circle_web, uniq_arachne
Spider:3: nicolae_spider_hall_of_the_moth_king
Spider:4: grunt_spider_rune_circles
Orc:2:    grunt_orc_gardens, grunt_orc_garden, grunt_orc_garden,
          grunt_orc_garden, grunt_orc_garden, basic_altar, minmay_orc_barracks,
          uniq_azrael, uniq_nessos, uniq_rupert
Elf:1:    serial_shops, shop, orc_legates
Elf:2:    serial_shops, shop
Elf:3:    elf_hall_gauntlet_wide
Vaults:1: hangedman_vaults_impose, v_misc_28, vaults_mumra_minichess, v_misc_29,
          vaults_mumra_lcd, nicolae_vaults_border_crossing, vaults_room_hallway
Vaults:2: nicolae_vaults_little_ls, minmay_crypt_entry_simple_round,
          nicolae_vaults_three_branches, ontoclasm_vaults_shuriken, uniq_sojobo,
          uniq_donald
Vaults:3: ontoclasm_vaults_twist, hangedman_vaults_capsules,
          hangedman_vaults_stitches, vaults_dpeg_spiral, v_misc_3,
          dpeg_vaults_monster_box, nicolae_vaults_mini_display_case,
          hangedman_vaults_cutoff, nicolae_vaults_little_squares_6,
          ontoclasm_vaults_ring_small, serial_shops, shop, shop, shop, shop
Vaults:4: v_misc_1, hangedman_vaults_nodes, vaults_room_boxed, v_misc_16,
          hangedman_vaults_pinch, ontoclasm_vaults_idyll, v_misc_11,
          vaults_mumra_hex, nicolae_vaults_circle_grid_b,
          vaults_room_semicircle, nicolae_vaults_little_squares_3, v_misc_15,
          serial_shops, nicolae_shop_window_shopping, uniq_wiglaf, uniq_xtahua
Vaults:5: serial_shops
Crypt:1:  infiniplex_enter_wizlab_glasses, basic_altar,
          grunt_crypt_arrival_guarded_gate
Crypt:2:  st_stairs_13
Crypt:3:  church_of_pain_bobbens, basic_altar, uniq_jorgrun
Depths:1: hell_entry, hangedman_abyss_entry_splay, serial_shops, shop,
          roderic_lattice_octagonal_star, nicolae_ashenzari_panopticon,
          uniq_nikola
Depths:2: grunt_x_marks_the_spot, minmay_strange_pillars,
          pf_hell_entry_tar_spiral, abyss_entry_flame_altar
Depths:3: box_level_dp, pan_entry, hell_entry
Depths:4: kennysheep_gozag_temple, hell_entry, pan_entry,
          serial_co_window_serial, co_window_corner_a, co_window_paths_b,
          co_window_of_opportunity_a, co_window_corner_a,
          co_window_of_opportunity_a, co_window_2corner, co_window_broadway_b,
          co_window_broadway_b, co_window_of_opportunity_b, co_window_paths_e,
          glass_columns_b, glass_columns_a, kennysheep_another_room,
          nicolae_abyss_entry_one_way_or_another
Depths:5: grunt_twist_and_shout, ziggurat_fallback, serial_shops, shop,
          lightli_too_deep, minmay_misc_feat_pillars, hangedman_glass_garden
Zot:2:    nicolae_moth_party, hangedman_zot_decor_scrapings
Zot:4:    st_stairs_12, guppyfry_library_mini
Zot:5:    nicolae_lava_and_water, hangedman_zot_decor_tridents
Lab:      labyrinth_hidden_loot, labyrinth_skeletal_remains
Trove:    trove_simple
IceCv:    ice_cave_small_giant
Volcano:  volcano_aerie
WizLab:   wizlab_demon

Action                   |  1- 3 |  4- 6 |  7- 9 | 10-12 | 13-15 | 16-18 | 19-21 | 22-24 | 25-27 || total
-------------------------+-------+-------+-------+-------+-------+-------+-------+-------+-------++-------
Melee: Unarmed           |    39 |   113 |   247 |   802 |  1358 |  2118 |  1897 |  2050 |  2217 || 10841
Throw: Javelin           |       |       |     2 |    13 |    61 |       |       |       |       ||    76
       Throwing net      |       |       |       |       |     2 |     1 |     6 |       |       ||     9
 Cast: Magic Dart        |    77 |    88 |       |       |       |       |       |       |       ||   165
Invok: Heroism           |       |     1 |     3 |     5 |    17 |    13 |    13 |    12 |    15 ||    79
       Finesse           |       |       |       |       |       |       |       |       |     2 ||     2
 Abil: Evoke Teleportati |       |       |       |       |     2 |       |       |       |       ||     2
Evoke: Wand              |       |       |     1 |     9 |    14 |    13 |     7 |     6 |     9 ||    59
       Deck              |       |       |       |       |     9 |     4 |    19 |    25 |     3 ||    60
       Lamp of fire      |       |       |       |       |       |       |       |       |     1 ||     1
  Use: Scroll            |       |     8 |     2 |    17 |     9 |    11 |    18 |     6 |    14 ||    85
       Potion            |       |     1 |       |     3 |    10 |     5 |     4 |     1 |     9 ||    33
 Stab: Sleeping          |       |     2 |     3 |     5 |    15 |    14 |       |       |       ||    39
       Distracted        |       |       |     1 |       |     1 |     7 |     3 |       |       ||    12
       Held in net/web   |       |       |       |       |     1 |       |     6 |       |       ||     7
       Confused          |       |       |       |       |       |     2 |       |       |     1 ||     3
       Invisible         |       |       |       |       |       |       |     1 |       |       ||     1
  Eat: Chunk             |     3 |     8 |    14 |    10 |     7 |     1 |       |       |     2 ||    45
       Royal jelly       |       |       |       |     2 |       |       |       |       |       ||     2
       Pizza             |       |       |       |     7 |       |       |     2 |     1 |       ||    10
       Beef jerky        |       |       |       |       |    11 |       |     1 |       |     1 ||    13
       Fruit             |       |       |       |       |    17 |     1 |     3 |     2 |       ||    23
       Meat ration       |       |       |       |       |     1 |     9 |     7 |     8 |     6 ||    31
       Bread ration      |       |       |       |       |       |       |       |       |     6 ||     6
